 Dungeon Crawl Stone Soup version 0.31-a0-187-gba352fbbf7 (webtiles) character file.

Game seed: 13942476789989457687

14 omnomnOMINOUS the Sneak (level 2, 0/18 HPs)
             Began as an Octopode Wanderer on June 22, 2023.
             Slain by a gnoll
             ... wielding a +0 club
              (3 damage)
             ... on level 1 of the Dungeon.
             The game lasted 00:01:38 (383 turns).

omnomnOMINOUS the Sneak (Octopode Wanderer)          Turns: 383, Time: 00:01:39

Health: 0/18       AC:  1    Str:  8    XL:     2   Next: 45%
Magic:  3/3        EV: 12    Int: 17    God:
Gold:   8          SH:  0    Dex: 11    Spells: 0/3 levels left

rFire   . . .        a - +0 dagger
rCold   . . .        (no shield)
rNeg    . . .        c - +0 hat
rPois   .            (no amulet)
rElec   .            (no ring)
rCorr   .            (no ring)
SInv    .            (no ring)
Will    +....        (no ring)
Stlth   ++++         (no ring)
HPRegen 0.23/turn    (no ring)
MPRegen 0.08/turn    (no ring)
                     (no ring)

%: no passive effects
@: enlightened, flying
A: almost no armour, amphibious, 8 rings, camouflage 1, gelatinous body 1,
(nimble swimmer 1), tentacles
a: no special abilities


You were on level 1 of the Dungeon.
You visited 1 branch of the dungeon, and saw 1 of its levels.

You collected 8 gold pieces.

Inventory:

Hand Weapons
 a - a +0 dagger (weapon)
Armour
 c - a +0 hat (worn)
Scrolls
 e - a scroll of immolation {unknown}
 h - a scroll of enchant armour {unknown}
Potions
 b - a potion of berserk rage
 f - a potion of magic {unknown}
 g - a potion of might {unknown}


   Skills:
 + Level 0.9 Fighting
 + Level 0.8 Dodging
 - Level 6.6 Stealth
 - Level 1.0 Spellcasting
 + Level 0.7 Conjurations
 - Level 2.0 Necromancy
 + Level 2.2 Air Magic


You couldn't memorise any spells.
You knew the following spells:

 Your Spells              Type           Power      Damage    Failure   Level
a - Kiss of Death         Conj/Necr      20%        2d7       12%         1
b - Static Discharge      Conj/Air       10%        2-3/arc   17%         2

Your spell library contained the following spells:

 Spells                   Type           Power      Damage    Failure   Level
 Cigotuvi's Dreadful Rot  Necr/Pois/Air  10%        N/A       19%         2
 Dispel Undead            Necr           7%         3d8       67%         4
 Anguish                  Hex/Necr       2%         N/A       80%         4


Dungeon Overview and Level Annotations

Branches:
Dungeon (1/15)

Altars:


Innate Abilities, Weirdness & Mutations

You cannot wear most types of armour.
You are amphibious.
You can wear up to eight rings at the same time.
Your skin changes colour to match your surroundings (Stealth+).
Your rubbery body absorbs attacks. (AC +1, EV +1)
((You are camouflaged when in or above water. (Stealth+)))
You have tentacles for arms and can constrict up to eight enemies at once.


Message History

The endoplasm closely misses you.
You hit the endoplasm.
The endoplasm is heavily wounded.
The endoplasm closely misses you.
You hit the endoplasm. You squeeze the endoplasm.
You kill the endoplasm!
No target in view!
No target in view!
A bat, a goblin and a gnoll come into view.
Found a scroll labelled HAIFUY VUJO and 42 gold pieces.
There are monsters nearby!
There are monsters nearby!
There are monsters nearby!
The helpless bat fails to defend itself.
You puncture the bat!
You kill the bat!
The gnoll shouts!
You hear a shout!
A goblin comes into view. It is wielding a +0 club.
A ball python comes into view.
Found 8 gold pieces.
The gnoll hits you with a +0 club!
Ouch! That really hurt!
A kobold comes into view. It is wielding a +0 whip.
You are too injured to fight recklessly!
Unknown command.
The gnoll attacks as you move away! The gnoll misses you.
You closely miss the gnoll.
The ball python hisses angrily.
You grab the gnoll. You constrict the gnoll. The gnoll closely misses you.
A hobgoblin comes into view.
You hit the gnoll. You squeeze the gnoll.
The gnoll is moderately wounded.
You constrict the gnoll, but do no damage.
The gnoll hits you with a +0 club.
* * * LOW HITPOINT WARNING * * *
An endoplasm comes into view.
It was a potion of enlightenment.
You feel very buoyant.
You fly up into the air.
You constrict the gnoll. The gnoll hits you with a +0 club.
You die...

.# #. ..#####.# ##
# ......... #?#.#
#....... #.##.#
JgS(...#.#...#
#.K.##.##...#
#...#.#...# #
#g##..##.#
#gg.#@......#
#.$.#....####
#$$$#....#
#####....#########
................#
##.##...........#
#..............#
####...........#
#.........†.#


You could see a gnoll, an endoplasm, a hobgoblin, a ball python and a kobold.

Vanquished Creatures
  A dart slug (D:1)
  A bat (D:1)
  2 endoplasms (D:1)
  2 giant cockroaches (D:1)
  A goblin (D:1)
  A hobgoblin (D:1)
  A ball python (D:1)
  A frilled lizard (D:1)
  A rat (D:1)
11 creatures vanquished.

Notes
Turn   | Place    | Note
-------+----------+-------------------------------------------
     0 | D:1      | omnomnOMINOUS the Octopode Wanderer began the quest for the
                  | Orb.
     0 | D:1      | omnomnOMINOUS set off with the following items: a +0
                  | dagger, a potion of berserk rage, a +0 hat; and the
                  | following spell memorised: Kiss of Death; and the following
                  | spells available to memorise: Cigotuvi's Dreadful Rot,
                  | Static Discharge, Dispel Undead, Anguish.
     0 | D:1      | Reached XP level 1. HP: 11/11 MP: 2/2
   243 | D:1      | Reached XP level 2. HP: 18/18 MP: 3/3
   260 | D:1      | Learned a level 2 spell: Static Discharge
   383 | D:1      | Slain by a gnoll

Illustrated notes

Levels and vault maps discovered:
D:1:      saegor_arrival_simple_c, layout_basic, minmay_vboxes

Action                     || total
---------------------------++-------
  Melee: Dagger            ||    26
         Constrict         ||     5
         Tentacles         ||     4
    Use: Potion            ||     1
   Stab: Sleeping          ||     4
 Armour: Skin              ||     1
  Dodge: Dodged            ||    11

Table legend: (Time is in decaauts)
 A = Elapsed time spent in this place.
 B = Non-inter-level travel time spent in this place.
 C = Inter-level travel time spent in this place.
 D = Time resting spent in this place.
 E = Time spent auto-exploring this place.
 F = Levels seen in this place.
 G = Mean time per level.
                   A        B        C        D        E       F      G
               +--------+--------+--------+--------+--------+-----+--------+
         Total |    383 |    383 |      0 |     24 |    269 |   1 |  383.0 |
       Dungeon |    383 |    383 |      0 |     24 |    269 |   1 |  383.0 |
               +--------+--------+--------+--------+--------+-----+--------+

Top non-repeatable levels by time:
     D:1: 383 daAuts
